[Event "Late-Titled-Tuesday-Blitz-November-28-2023"]
[Site "Chess.com"]
[Date "2023.11.28"]
[Round "2"]
[White "melissa_guez"]
[Black "GothamChess"]
[Result "0-1"]
[WhiteElo "2253"]
[BlackElo "2656"]
[TimeControl "180+1"]
[EndTime "14:17:13 PST"]
[Termination "GothamChess won by resignation"]

1. e4 d5 2. exd5 Qxd5 3. Nf3 Bg4 4. Be2 Nc6 5. d4 O-O-O 6. Be3 e5 7. c4 Bb4+ 8. Nc3 Bxc3+ 9. bxc3 Qa5 10. O-O Nf6 11. d5 Bxf3 12. Bxf3 Qxc3 13. Rc1 Qa3 14. Qc2 Nd4 15.
Bxd4 exd4 16. Qf5+ Kb8 17. Rb1 b6 18. d6 Rxd6 19.
c5 Re6 20. cxb6 axb6 21. g3 g6 22. Qf4 Rd8 23. Bg2 d3 24. Rfc1 Qd6 25. Qf3 Ne4 26.
Qxf7 d2 27. Rd1 Nc3 28. Qf3 Ne4 29. a4 Qd4 30. a5 Qf6 31. Qb3 Qxf2+ 32. Kh1 Qd4 33.
Bxe4 Qxe4+ 34. Kg1 Qe3+ 35. Qxe3 Rxe3 36. Kf2 Re6 37.
axb6 cxb6 38. Rb2 Red6 39. Ke2 Kb7 40. Rdxd2 Rxd2+ 41. Rxd2 Rxd2+ 42. Kxd2 Kc6 43. Kc3 Kd5 44. Kb4 Ke4 45. Kb5 Kf3 46. Kxb6 Kg2 47. Kc6 Kxh2 48.
g4 Kg3 49. g5 Kg4 0-1

[Event "Late-Titled-Tuesday-Blitz-November-28-2023"]
[Site "Chess.com"]
[Date "2023.11.28"]
[Round "2"]
[White "Korchmar_Vasiliy"]
[Black "gmpeter008"]
[Result "1-0"]
[WhiteElo "2727"]
[BlackElo "2512"]
[TimeControl "180+1"]
[EndTime "14:17:15 PST"]
[Termination "Korchmar_Vasiliy won by resignation"]

1. e4 e5 2. Nf3 Nc6 3. Nc3 Nf6 4.
Bb5 Bb4 5. O-O O-O 6. d3 d6 7. Ne2 Ne7 8. Ng3 c6 9. Bc4 d5 10. exd5 cxd5 11. Bb3 Ng6 12. Bg5 Be7 13. Re1 Qd6 14. Qe2 h6 15. Bd2 Bg4 16. h3 Bxf3 17. Qxf3 Nh4 18. Qe2 Nd7 19. f4 Qb6+ 20. Kh1 Rae8 21.
fxe5 Bf6 22. d4 Qxd4 23. Bc3 Qf4 24. Nh5 Qg5 25. Nxf6+ Nxf6 26. Qd2 Qxd2 27. Bxd2 Ne4 28. Bb4 Rxe5 29. Bxf8 Kxf8 30. Bxd5 Rxd5 31. Rxe4 g5 32.
Rae1 Nf5 33. Kh2 Nd4 34. Re8+ Kg7 35. c3 Ne6 36. Re7 Nf4 37. Rxb7 Rd2 38. Rg1 a5 39. a4 Ne2 40. b4 Nxg1 41. Kxg1 Ra2 42. Ra7 Rxa4 43.
Rxa5 1-0

[Event "Late-Titled-Tuesday-Blitz-November-28-2023"]
[Site "Chess.com"]
[Date "2023.11.28"]
[Round "2"]
[White "hristos03"]
[Black "oskariot"]
[Result "0-1"]
[WhiteElo "2355"]
[BlackElo "2803"]
[TimeControl "180+1"]
[EndTime "14:17:18 PST"]
[Termination "oskariot won by resignation"]

1. e4 c5 2. Nf3 e6 3. d4 cxd4 4. Nxd4 Nf6 5. Nc3 d6 6. Bc4 Be7 7. Bb3 Na6 8. O-O Nc5 9. Qf3 O-O 10. Re1 Bd7 11. Qg3 Kh8 12. a3 Nxb3 13. cxb3 e5 14. Nc2 Bc6 15. Bd2 Qb6 16. Nb4 a5 17. Nbd5 Bxd5 18.
Nxd5 Nxd5 19. exd5 f5 20. Qe3 Qb5 21. Rad1 Qxd5 22. Qb6 Qc6 23. Qe3 Bf6 24. Rc1 Qd7 25. Red1 d5 26. Qb6 d4 27. Rc7 Qd5 28. Rdc1 e4 29.
Qxb7 Qxb7 30. Rxb7 h6 31. Kf1 Rab8 32. Rcc7 Rxb7 33.
Rxb7 Rc8 34. Bxa5 Rc1+ 35. Ke2 Rc2+ 36. Kd1 Rxb2 37. a4 d3 38. Kc1 Rxf2 39. Bb6 Rxg2 40. Be3 Re2 41. Bd2 Bg5 42. Bxg5 hxg5 43. a5 Ra2 44. b4 e3 45. Re7 d2+ 46. Kd1 Ra1+ 47. Ke2 d1=Q+ 48. Kxe3 Ra3+ 49. Kf2 Rf3+ 0-1

[Event "Late-Titled-Tuesday-Blitz-November-28-2023"]
[Site "Chess.com"]
[Date "2023.11.28"]
[Round "2"]
[White "NigelDwarf"]
[Black "YQPerez"]
[Result "1-0"]
[WhiteElo "2547"]
[BlackElo "2835"]
[TimeControl "180+1"]
[EndTime "14:17:20 PST"]
[Termination "NigelDwarf won by resignation"]

1. Nf3 d5 2. c4 e6 3. g3 Nf6 4.
Bg2 dxc4 5. O-O a6 6. a4 Nc6 7. Na3 Na5 8. Qc2 Bxa3 9. Rxa3 O-O 10. d3 c5 11. dxc4 Bd7 12. Rd1 Qb6 13. Bg5 Rfd8 14. e4 h6 15. e5 hxg5 16. Nxg5 Be8 17. exf6 Rxd1+ 18. Qxd1 Qxb2 19. Rf3 gxf6 20. Ne4 f5 21.
Nxc5 Bc6 22. Rd3 Bxg2 23. Kxg2 Nxc4 24. Rd8+ Kg7 25. Qd7 Rxd8 26. Nxe6+ Kg6 27. Nxd8 Qf6 28. Nxb7 a5 29. Nc5 Ne5 30. Qd5 Qe7 31. h4 Ng4 32.
Nd3 Qe4+ 33. Qxe4 fxe4 34. Nc5 Kf5 35. Nb7 Ne5 36. Nxa5 Nd3 37. Nc4 Nc5 38. a5 Ke6 39. Kh3 f5 40. Ne3 Ke5 41. h5 f4 42. gxf4+ Kxf4 43. Kh4 Kf3 44. h6 Kxf2 45. h7 Kxe3 46. h8=Q Kd3 47.
Qd8+ Kc4 48. Qc7 e3 49. Qe5 Kd3 50. Qxc5 e2 51. Qb5+ Kd2 52. Qxe2+ Kxe2 53. a6 Kd3 54. a7 Kc4 55. a8=Q 1-0

[Event "Late-Titled-Tuesday-Blitz-November-28-2023"]
[Site "Chess.com"]
[Date "2023.11.28"]
[Round "2"]
[White "MetiForce"]
[Black "ahkashefi2800"]
[Result "0-1"]
[WhiteElo "2916"]
[BlackElo "2580"]
[TimeControl "180+1"]
[EndTime "14:17:21 PST"]
[Termination "ahkashefi2800 won by checkmate"]

1. c4 c6 2. Nf3 d5 3. e3 Nf6 4. d4 Bg4 5. Qb3 Qb6 6. Ne5 Bf5 7. Nc3 e6 8. c5 Qc7 9. f4 Nbd7 10. Be2 Ne4 11. O-O f6 12. Nxd7 Qxd7 13. Bf3 Be7 14. Nxe4 Bxe4 15. Bd2 f5 16. Bxe4 dxe4 17. Qc2 O-O 18. b4 Bf6 19. a4 a6 20. Rab1 Qd5 21. Be1 Rfd8 22. Bg3 Kf7 23. Rb3 Rd7 24. Rfb1 h6 25.
h3 Kg6 26. Kh2 Kh7 27. b5 axb5 28. axb5 Re7 29. R1b2 Ra1 30. Qe2 Re8 31. bxc6 bxc6 32. Rb7 Kg6 33. Qf2 Qc4 34. Bh4 Qf1 35. Bxf6 Qh1+ 36. Kg3 Kxf6 37. Rd7 Rf1 38. Qe2 Re1 39. Rbb7 Rxe2 40. Rf7+ Kg6 41. Rxg7+ Kh5 42. Rbf7 Rxg2# 0-1

[Event "Late-Titled-Tuesday-Blitz-November-28-2023"]
[Site "Chess.com"]
[Date "2023.11.28"]
[Round "2"]
[White "CSB7"]
[Black "OneTrickPony_82"]
[Result "1/2-1/2"]
[WhiteElo "2700"]
[BlackElo "2506"]
[TimeControl "180+1"]
[EndTime "14:17:21 PST"]
[Termination "Game drawn by repetition"]

1. e4 e5 2. Nf3 Nc6 3. Bb5 a6 4. Ba4 Nf6 5. O-O Be7 6. d3 b5 7.
Bb3 d6 8. a4 Na5 9. Ba2 b4 10.
Re1 c5 11. Nbd2 O-O 12. c3 Nc6 13. h3 h6 14. Nf1 Rb8 15. Ng3 Be6 16. Bxe6 fxe6 17.
d4 bxc3 18. bxc3 exd4 19. cxd4 Nxd4 20. Nxd4 cxd4 21. Qxd4 Qb6 22. Qxb6 Rxb6 23. e5 Nd5 24. exd6 Bxd6 25. Ne4 Be5 26. Ra2 Nc3 27. Nxc3 Bxc3 28.
Bd2 Bd4 29. Be3 e5 30. Bxd4 exd4 31. a5 Rd6 32. Rd1 Rf5 33. f3 Rdd5 34. Kf2 Kf7 35. Ra4 Rxa5 36. Raxd4 Ra2+ 37. R1d2 Rxd2+ 38. Rxd2 Rb5 39. Rd7+ Kf8 40. g4 a5 41. Ra7 Rc5 42. Kg3 Rb5 43.
h4 g5 44. h5 Kg8 45. Ra6 Kg7 46. Ra7+ Kg8 47. Kf2 Re5 48. Ra6 Kg7 49. Ra7+ Kg8 50. Ra6 Kg7 51. Ra8 Kh7 52. Ra6 Kg7 1/2-1/2

[Event "Late-Titled-Tuesday-Blitz-November-28-2023"]
[Site "Chess.com"]
[Date "2023.11.28"]
[Round "2"]
[White "TheMagician"]
[Black "temiksmozg"]
[Result "0-1"]
[WhiteElo "2305"]
[BlackElo "2593"]
[TimeControl "180+1"]
[EndTime "14:17:21 PST"]
[Termination "temiksmozg won on time"]

1. e4 h5 2. d4 a5 3. Bd3 Ra6 4. Ne2 Rg6 5. Nf4 Rd6 6. c3 g6 7. e5 Rb6 8. Nd2 Bh6 9. Nc4 Ra6 10. a4 d5 11. Na3 Rb6 12. O-O Bg4 13. Qc2 Bxf4 14. Bxf4 e6 15. Nb5 Ne7 16. b4 Ra6 17.
Bg5 Bf5 18. Bf6 Rg8 19. Qd2 Bxd3 20. Qxd3 Nd7 21. Bg5 Nb6 22. Nd6+ cxd6 23. Qb5+ Qd7 24. bxa5 Nc4 25. Rfb1 Nxa5 26. exd6 Nc8 27. Bf4 g5 28. Be5 f6 29. Bxf6 Nxd6 30. Qb2 Kf7 31. Be5 Ndc4 32. Qc2 Nxe5 33. dxe5 Kg7 34. Rb5 Nc4 35. Rab1 b6 36. Qc1 Qe7 37. f4 Rf8 38. fxg5 Na3 39. Qd1 Nxb5 40.
axb5 Ra2 41. Qxh5 Qf7 42. Qh6+ Kg8 43. Qf6 Qe8 44. Qh6 Rff2 45. g6 Rxg2+ 46. Kh1 Rxh2+ 47.
Qxh2 Rxh2+ 48. Kxh2 Qe7 49. Kh3 Qg5 0-1

[Event "Late-Titled-Tuesday-Blitz-November-28-2023"]
[Site "Chess.com"]
[Date "2023.11.28"]
[Round "2"]
[White "HalfIsCrayfish"]
[Black "TigrVShlyape"]
[Result "1-0"]
[WhiteElo "2605"]
[BlackElo "2963"]
[TimeControl "180+1"]
[EndTime "14:17:22 PST"]
[Termination "HalfIsCrayfish won on time"]

1. e4 c5 2. Nc3 Nc6 3. Bb5 Nd4 4. Nf3 Nxb5 5. Nxb5 a6 6. Nc3 e6 7. d4 cxd4 8. Qxd4 b5 9. Bf4 Bb7 10. O-O-O Ne7 11.
e5 Bxf3 12. gxf3 Nf5 13. Qd3 Rc8 14. Ne4 Qc7 15. Kb1 Be7 16. Ng3 Nh4 17. c3 Ng6 18.
Qe4 O-O 19. h4 Qc6 20. Qxc6 dxc6 21. Ne2 Bxh4 22. Be3 Rfd8 23. f4 Rxd1+ 24. Rxd1 Rd8 25. Rh1 Be7 26. Nd4 c5 27. Nc6 Rc8 28. Na5 Kf8 29.
Rxh7 Kg8 30. Rh1 Nh4 31. Rd1 Rc7 32. Nb3 Kh7 33. Rh1 Kg6 34. Nxc5 Bxc5 35. Rxh4 Kf5 36. Kc2 Bxe3 37. fxe3 Ke4 38. Kd2 Kf3 39. Rh3+ Kg2 40. Rh7 g6 41. e4 Kf3 42. f5 Rc5 43. Rxf7 gxf5 44. exf5 Rxe5 45. fxe6+ Ke4 46. e7 Re6 47. Kc2 Kd5 48. a3 1-0

[Event "Late-Titled-Tuesday-Blitz-November-28-2023"]
[Site "Chess.com"]
[Date "2023.11.28"]
[Round "2"]
[White "Elbebiber"]
[Black "Chessbard1972"]
[Result "1/2-1/2"]
[WhiteElo "2137"]
[BlackElo "2411"]
[TimeControl "180+1"]
[EndTime "14:17:23 PST"]
[Termination "Game drawn by repetition"]

1. d4 Nf6 2. Bg5 Ne4 3. Bf4 d5 4. e3 c5 5. Nd2 Nf6 6. Ngf3 Nc6 7. dxc5 Bg4 8. Be2 Qa5 9. c3 Qxc5 10. h3 Bh5 11.
Ne5 Bxe2 12. Qxe2 Qb6 13. Nb3 e6 14. O-O Be7 15. Rfd1 O-O 16. Nd4 Nxe5 17. Bxe5 Nd7 18. Bg3 Bf6 19. Rab1 Rac8 20. Qg4 Ne5 21. Bxe5 Bxe5 22.
Qe2 a6 23. Qd3 Rfd8 24. Qe2 Bf6 25. Kf1 h6 26. Qd3 Rc4 27. Qe2 Qc7 28. Kg1 b5 29. g3 g6 30. Kg2 Kg7 31. Qf3 Rc8 32.
Qe2 Qb6 33. a3 a5 34. Nc2 Qb7 35. Kg1 e5 36. Qd3 Rd8 37. h4 h5 38. Qd2 Qb6 39.
Qd3 d4 40. cxd4 exd4 41. Nxd4 Bxd4 42. exd4 Rcxd4 43. Qe2 R8d5 44. Qc2 b4 45. axb4 axb4 46. b3 Kg8 47. Qc8+ Rd8 48. Qc2 Qd6 49. Rxd4 Qxd4 50. Re1 Qc3 51. Qxc3 bxc3 52. Rc1 Rc8 53. b4 Kg7 54. b5 Kf6 55. b6 Ke5 56. b7 Rb8 57. Rxc3 Rxb7 58. Kg2 f6 59. Re3+ Kf5 60. Rf3+ Ke6 61.
Re3+ Kd5 62. Rd3+ Kc4 63. Rd6 Rf7 64. Kf3 Kc5 65. Ra6 Kd5 66. Rb6 Ke5 67. Rb5+ Ke6 68. Rb6+ Ke5 69. Rb5+ Ke6 70. Rb6+ Ke5 1/2-1/2

[Event "Late-Titled-Tuesday-Blitz-November-28-2023"]
[Site "Chess.com"]
[Date "2023.11.28"]
[Round "2"]
[White "FontVella8"]
[Black "Zhigalko_Sergei"]
[Result "1-0"]
[WhiteElo "2579"]
[BlackElo "2909"]
[TimeControl "180+1"]
[EndTime "14:17:25 PST"]
[Termination "FontVella8 won by checkmate"]

1. e4 c5 2. Nf3 Nc6 3. d4 cxd4 4. Nxd4 Nf6 5. Nc3 e5 6. Ndb5 d6 7. Bg5 a6 8. Na3 b5 9. Bxf6 gxf6 10. Nd5 Bg7 11.
Bd3 Ne7 12. Nxe7 Qxe7 13. c3 O-O 14. Nc2 f5 15. Ne3 f4 16. Nd5 Qg5 17. g3 Be6 18. h4 Qh6 19. Ne7+ Kh8 20. g4 Qf6 21. Nc6 Bd7 22.
Nb4 Qd8 23. Qf3 Be6 24. Nd5 Rb8 25. O-O-O a5 26. Kb1 Qd7 27. Rdg1 Qb7 28. g5 f5 29.
gxf6 Bxf6 30. Rg2 Qf7 31. Rhg1 Rb7 32. h5 h6 33. Nxf6 Qxf6 34. Rg6 Qd8 35. Rxe6 Rh7 36. Reg6 Qd7 37. Qg4 Qf7 38. Qf5 Qe8 39. Qg4 Qf7 40. Qh4 a4 41. R1g4 b4 42. cxb4 a3 43. b3 Qc7 44. Bc4 d5 45. exd5 e4 46. Qf6+ Rg7 47.
Qxg7+ Qxg7 48. Rxg7 e3 49. R7g6 exf2 50. Rxh6# 1-0

[Event "Late-Titled-Tuesday-Blitz-November-28-2023"]
[Site "Chess.com"]
[Date "2023.11.28"]
[Round "2"]
[White "OparinGrigoriy"]
[Black "DanylaBagrov"]
[Result "1-0"]
[WhiteElo "3005"]
[BlackElo "2591"]
[TimeControl "180+1"]
[EndTime "14:17:26 PST"]
[Termination "OparinGrigoriy won by resignation"]

1. Nc3 Nc6 2. e4 e5 3. Bc4 Nf6 4. d3 Bc5 5. f4 d6 6. Nf3 Bg4 7. Na4 Nd4 8. Nxc5 dxc5 9. fxe5 Bxf3 10. gxf3 Nxe4 11. O-O Ng5 12. f4 Nh3+ 13. Kg2 Qh4 14. f5 O-O-O 15. c3 Nc6 16. Qf3 Ng5 17. Qg3 Qxg3+ 18.
Kxg3 h6 19. h4 Nh7 20. Bf4 f6 21. e6 Ne7 22. Be3 b6 23. Rad1 Nf8 24. d4 cxd4 25. Rxd4 Rxd4 26. cxd4 c6 27. h5 Nh7 28. Ba6+ Kd8 29.
Kg4 Ng5 30. Rc1 Re8 31. Bf4 Ne4 32. b4 Rf8 33. b5 c5 34. Bb7 Nf2+ 35. Kf3 Nd3 36.
dxc5 Nxc1 37. c6 Nd5 38. Bxc1 Re8 39. Bd2 Nc7 40. a4 Re7 41. Ke4 Re8 42. Bb4 Re7 43.
Bc8 Re8 44. Bd7 Re7 45. Bd6 Na8 46. Kd4 Nc7 47. Kc4 Na8 48. Bb8 Nc7 49. Bxa7 Na8 50.
Bb8 Re8 51. Bd6 Re7 52. a5 Rxd7 53. exd7 bxa5 54. Kc5 a4 55. b6 Nxb6 56. Kxb6 a3 57. Kb7 g5 58. c7+ Kxd7 59. c8=Q+ 1-0

[Event "Late-Titled-Tuesday-Blitz-November-28-2023"]
[Site "Chess.com"]
[Date "2023.11.28"]
[Round "2"]
[White "Arash_Tahbaz"]
[Black "djano"]
[Result "1-0"]
[WhiteElo "2904"]
[BlackElo "2555"]
[TimeControl "180+1"]
[EndTime "14:17:27 PST"]
[Termination "Arash_Tahbaz won by resignation"]

1. Nf3 g6 2. g3 Bg7 3. Bg2 Nf6 4. O-O O-O 5. d3 d5 6. Nbd2 d4 7. c3 c5 8. cxd4 cxd4 9. Nc4 Nc6 10. Nfe5 Nxe5 11.
Nxe5 Nd7 12. Nc4 Nb6 13. Na5 Rb8 14. Bd2 e5 15. Rc1 Re8 16. Qc2 Nd5 17. Qc5 Be6 18.
Nc4 b6 19. Qd6 Qxd6 20. Nxd6 Red8 21. Nb5 a6 22. Na7 Rd7 23. Nc6 Re8 24. Rc2 f5 25.
Rfc1 Bf7 26. h4 e4 27. Be1 a5 28. a4 Bf6 29. b4 axb4 30. Nxb4 Nc3 31. Kf1 Bb3 32. Rb2 Bxa4 33. Na2 exd3 34. exd3 Bb5 35. Nxc3 Bxd3+ 36. Ne2 Rde7 37. Bf3 b5 38. Bb4 Re6 39.
Rd2 Bc4 40. Rxc4 bxc4 41. Nxd4 Rb6 42. Bc5 Rb1+ 43. Kg2 Rc1 44. Ba3 Ra1 45. Bb2 Ra2 46.
Bd5+ Kh8 47. Bxc4 Ra4 48. Bb5 Rea8 49. Bxa4 Rxa4 50. Nf3 Kg7 51. Rd7+ Kf8 52. Bxf6 1-0

[Event "Late-Titled-Tuesday-Blitz-November-28-2023"]
[Site "Chess.com"]
[Date "2023.11.28"]
[Round "2"]
[White "NikolaGry"]
[Black "HajiyevKanan"]
[Result "1/2-1/2"]
[WhiteElo "2707"]
[BlackElo "2513"]
[TimeControl "180+1"]
[EndTime "14:17:27 PST"]
[Termination "Game drawn by repetition"]

1. d4 d5 2. Bg5 c5 3. c3 cxd4 4. cxd4 Nc6 5. e3 Qa5+ 6. Qd2 Qxd2+ 7. Kxd2 Bf5 8. Nc3 e6 9. Bd3 Bxd3 10. Kxd3 Bb4 11.
Nge2 Nge7 12. Rhc1 Kd7 13. a3 Bxc3 14. Rxc3 Rhc8 15.
Rac1 h6 16. Bf4 g5 17. Bg3 Nf5 18. R1c2 h5 19. h3 Nxg3 20. Nxg3 h4 21. Nf1 f5 22. Nd2 g4 23. Nb3 b6 24. Nc1 e5 25.
dxe5 Nxe5+ 26. Kd4 Rxc3 27. Rxc3 Kd6 28. Nd3 Nc6+ 29.
Rxc6+ Kxc6 30. Nb4+ Kd6 31. Nxd5 gxh3 32. gxh3 Rg8 33.
Nf4 Rg1 34. b3 b5 35. Kc3 a5 36. a4 b4+ 37. Kc4 Rc1+ 38. Kb5 Rc3 39. Kxa5 Rxb3 40. Kb5 Rb1 41. a5 b3 42. Kb4 b2 43. Kb3 Rf1 44. Kxb2 Rxf2+ 45. Kc3 Rf3 46. Kd3 Kc5 47.
Ne6+ Kd6 48. a6 Rf1 49. Nd4 Ra1 50. Nxf5+ Ke5 51. Nxh4 Rxa6 52. Nf3+ Kf5 53. Nd4+ Kg5 54. Nf3+ Kf5 55. Nd4+ Kg5 56. Nf3+ Kf5 1/2-1/2

[Event "Late-Titled-Tuesday-Blitz-November-28-2023"]
[Site "Chess.com"]
[Date "2023.11.28"]
[Round "2"]
[White "GiorgianBarbosa"]
[Black "Lukianoo"]
[Result "0-1"]
[WhiteElo "2526"]
[BlackElo "2827"]
[TimeControl "180+1"]
[EndTime "14:17:28 PST"]
[Termination "Lukianoo won by resignation"]

1. d4 Nf6 2. Nf3 e6 3. e3 b6 4.
Bd3 Bb7 5. O-O d5 6. Nbd2 c5 7. b3 Bd6 8. Bb2 O-O 9. a3 Nbd7 10. Ne5 Rc8 11. f4 Ne4 12. Bxe4 dxe4 13. Ndc4 Nxe5 14. dxe5 Be7 15. Nd6 Bxd6 16. exd6 Qd7 17. Qg4 f6 18. Rad1 Rc6 19. h4 Rxd6 20. Rxd6 Qxd6 21. Rd1 Qe7 22.
h5 h6 23. Rd2 Bc8 24. Qe2 Rd8 25. Rxd8+ Qxd8 26. Qc4 Qd5 27. Qxd5 exd5 28. b4 Bg4 29. bxc5 bxc5 30. Kf2 Bxh5 31. a4 Bd1 32. Ba3 c4 33.
Ke1 Bxc2 34. a5 a6 35. Kd2 Ba4 36. Kc3 Kf7 37. Kd4 f5 38. Bb4 Bb3 39. Kxd5 c3+ 40. Ke5 c2 41. Ba3 Be6 42. Bc1 g6 43. g3 Bc8 44. Kd4 Bd7 45. Kc3 Ba4 46. Kb4 Bb5 47. Kc3 Bd3 48. Kd4 Ke6 49. Kc5 g5 50. Bd2 g4 51. Kb4 h5 52. Kc3 h4 53. gxh4 g3 54.
h5 g2 55. h6 g1=Q 56. h7 Qa1+ 0-1

[Event "Late-Titled-Tuesday-Blitz-November-28-2023"]
[Site "Chess.com"]
[Date "2023.11.28"]
[Round "2"]
[White "jinxy2009"]
[Black "krucki03"]
[Result "1-0"]
[WhiteElo "2289"]
[BlackElo "2463"]
[TimeControl "180+1"]
[EndTime "14:17:32 PST"]
[Termination "jinxy2009 won by checkmate"]

1. e4 e5 2. Nf3 Nc6 3. Bc4 Nf6 4.
d3 Bc5 5. O-O d6 6. c3 O-O 7.
Re1 h6 8. h3 a5 9. Nbd2 a4 10.
Nf1 Ne7 11. Ng3 Ng6 12. d4 Bb6 13. Bd3 c6 14. Be3 Nf4 15. Bxf4 exf4 16. Ne2 g5 17. e5 dxe5 18. dxe5 Nd5 19. Ned4 Kg7 20. Qc2 Be6 21. Rad1 Qe7 22. Nf5+ Bxf5 23. Bxf5 Rfe8 24. Nd4 Bxd4 25. cxd4 a3 26. b3 Rad8 27. h4 gxh4 28. Qe2 Qg5 29. Qd3 c5 30. e6 fxe6 31. Bxe6 Nc7 32.
Qc4 Nxe6 33. Rxe6 h3 34. g3 fxg3 35. f3 Rxe6 36. Qxe6 Rxd4 37. Rxd4 cxd4 38. Qd7+ Kg6 39. Qxh3 d3 40. Qe6+ Kh5 41. Qh3+ Kg6 42. Qe6+ Qf6 43. Qe4+ Qf5 44. Qe8+ Kg5 45. Qg8+ Kf4 46. Kg2 d2 47. Qc4+ Ke3 48. Qc3+ Ke2 49. Qc4+ Ke1 50. Qc3 Ke2 51. Qc4+ Qd3 52. Qe6+ Qe3 53. Qc4+ Ke1 54. Qf1# 1-0

[Event "Late-Titled-Tuesday-Blitz-November-28-2023"]
[Site "Chess.com"]
[Date "2023.11.28"]
[Round "2"]
[White "sofaceindisguise"]
[Black "SalihEke"]
[Result "0-1"]
[WhiteElo "2835"]
[BlackElo "2465"]
[TimeControl "180+1"]
[EndTime "14:17:34 PST"]
[Termination "SalihEke won by resignation"]

1. d4 d5 2. c4 e6 3. Nc3 c6 4. cxd5 exd5 5. Qc2 Nf6 6. Bg5 Be7 7. e3 h6 8. Bh4 Nbd7 9. Bd3 O-O 10. Nge2 b5 11.
O-O Nb6 12. f3 Bb7 13. Bf2 b4 14. Na4 Nxa4 15. Qxa4 c5 16. dxc5 Bxc5 17. Rac1 Qb6 18. Nd4 Bxd4 19. exd4 Rac8 20. Rc5 Bc6 21. Qc2 Nd7 22.
Bf5 Nxc5 23. dxc5 Qa6 24. Bxc8 Rxc8 25. b3 Re8 26. Re1 Qc8 27. Qd2 a5 28. Rc1 Qa6 29.
Qf4 Qd3 30. Qd6 Qd2 31. Ra1 Re2 32. Rf1 Bb5 33. Qb8+ Be8 34. c6 Kh7 35. c7 Bd7 36. c8=Q Bxc8 37. Qxc8 d4 38. Qf5+ Kg8 39. Qxa5 d3 40.
h4 Qc3 41. Qd8+ Kh7 42. Qd4 d2 43. Qd5 Qc2 44. Bg3 Qc3 45. Kh2 Qc2 46. Kh3 Qc3 47. Rd1 Qc2 48. Qf5+ Qxf5+ 0-1

[Event "Late-Titled-Tuesday-Blitz-November-28-2023"]
[Site "Chess.com"]
[Date "2023.11.28"]
[Round "2"]
[White "Nick12772"]
[Black "Freeeeeeeeeeeeeeeeee"]
[Result "1/2-1/2"]
[WhiteElo "2396"]
[BlackElo "2089"]
[TimeControl "180+1"]
[EndTime "14:17:35 PST"]
[Termination "Game drawn by 50-move rule"]

1. Nf3 Nf6 2. g3 e6 3. Bg2 Be7 4. O-O O-O 5. c4 d5 6. cxd5 exd5 7. d4 c6 8. Nc3 Bf5 9. Bf4 h6 10.
Qb3 Qb6 11. Qxb6 axb6 12. Ne5 Nbd7 13. Nxd7 Nxd7 14. a3 Nf6 15. h3 b5 16. Rfd1 Nd7 17.
Bf1 Nb6 18. g4 Bg6 19. e3 Nc4 20. Bxc4 bxc4 21. Bg3 Rfe8 22. Ne2 b5 23. Nf4 Bc2 24. Rdc1 Bb3 25. Ne2 Ra6 26. Re1 Rea8 27. Rac1 b4 28.
axb4 Bxb4 29. Nc3 Bxc3 30. bxc3 Ra2 31. Kf1 Rd2 32. Re2 Raa2 33. Rxd2 Rxd2 34. Kg2 Rc2 35.
Rxc2 Bxc2 36. Kf3 Kf8 37. Bd6+ Ke8 38. h4 g6 39. h5 gxh5 40. gxh5 Bd1+ 41. Kg3 Bxh5 42.
Bf4 Bg6 43. Bxh6 Kd7 44. Kf4 Ke6 45. Bf8 Bd3 46. Ba3 f5 47. f3 Bb1 48. Bc1 Bc2 49.
Bb2 Bb1 50. Ba3 Bc2 51. Bf8 Bb1 52. Bg7 Bc2 53. Kg5 Bd1 54. Kf4 Bc2 55. Bf8 Bd3 56.
Ba3 Bc2 57. Kg3 Bd3 58. Bb4 Bc2 59. Ba5 Bb3 60. Kf4 Bc2 61. Bb6 Bd3 62. Bc7 Bb1 63. Be5 Bc2 64. Kg3 Bd3 65. Kf2 Bc2 66. Ke1 Bd3 67. Kd2 Bf1 68. Bf4 Bd3 69. Bh6 Bb1 70. Bg7 Bd3 71. Bh8 Kf7 72. Ke1 Ke6 73. Kf2 Bb1 74. Kg3 Bd3 75. Kf4 Be2 76. e4 fxe4 77. fxe4 dxe4 78. Kxe4 Bd3+ 79. Kf4 Kd5 80. Bf6 c5 81.
dxc5 Kxc5 82. Ke5 Kb5 83. Kd5 Bc2 84. Bd4 Bb3 85. Kd6 Ba2 86. Ke5 Bb3 87. Ke4 Ba2 88. Ke3 Bb3 89. Kd2 Ba4 90. Kc1 Bb3 91. Kb2 Ba4 92.
Kc1 Bb3 93. Kb2 Ba4 94. Ka3 Bb3 95. Be5 Ba4 96. Bd6 Bb3 97. Bb4 Ba4 98. Bd6 Bb3 99.
Be5 Ba4 100. Kb2 Bb3 101. Kc1 Ba4 102. Kd2 Bb3 103. Ke3 Ba4 104. Kd4 Bb3 105. Kd5 Ba4 106. Kd6 Bb3 107. Kc7 Ba4 108. Kb7 Bb3 109. Ka7 Ba4 110. Ka8 Bb3 111. Kb8 Ba4 112. Kc8 Bb3 113. Kd8 Ba4 114. Ke8 Bb3 115. Kf8 Ba4 116. Kg8 Bb3 117. Kh8 Ba4 118. Kh7 Bb3 119. Kg7 Ba4 120. Kf7 Bb3 121. Ke7 Ba4 122. Kd7 Bb3 123. Kc7 Ba4 124. Kb7 Bb3 125. Ka7 Ba4 126. Bd4 Bb3 127. Kb7 Ba4 128. Kc7 Bb3 129. Kd6 Ba4 130. Ke5 Bb3 131. Ke4 Ba4 1/2-1/2

[Event "Late-Titled-Tuesday-Blitz-November-28-2023"]
[Site "Chess.com"]
[Date "2023.11.28"]
[Round "2"]
[White "Zorbos"]
[Black "rasmussvane"]
[Result "0-1"]
[WhiteElo "2577"]
[BlackElo "2973"]
[TimeControl "180+1"]
[EndTime "14:17:39 PST"]
[Termination "rasmussvane won by resignation"]

1. e4 c6 2. d4 d5 3. Nc3 dxe4 4. Nxe4 Nf6 5. Nxf6+ exf6 6. c3 Bd6 7. Bd3 O-O 8.
Ne2 Re8 9. Qc2 h5 10. O-O h4 11. Be3 h3 12. g3 Bc7 13. Bf4 Na6 14. Rae1 Be6 15. b3 Re7 16. Bxc7 Nxc7 17. Nf4 Qd6 18. Bf5 Rae8 19. Nxe6 Nxe6 20. Bxh3 Nxd4 21. Rxe7 Nf3+ 22. Kh1 Rxe7 23. Bg2 Ne1 24. Qf5 g6 25. Qg4 Qd3 26. Qd4 Qxd4 27. cxd4 Nxg2 28. Kxg2 Re2 29. Rd1 Rxa2 30.
d5 cxd5 31. Rxd5 b6 32. Rd7 Ra3 33. Rb7 Kg7 34. b4 f5 35. b5 Ra5 36. h4 Kf6 37.
Kf3 Ke6 38. Kf4 f6 39. Rg7 Ra4+ 40. Kf3 Ra5 41. Kf4 Rxb5 42. Rxa7 g5+ 43. hxg5 Rb4+ 44. Kf3 fxg5 45. Ke3 Rb3+ 46. Kd4 Rb2 47. Rb7 g4 48.
Ke3 Ke5 49. f4+ Kd5 50. Rf7 Rb3+ 51. Kf2 Ke6 52. Rb7 b5 53. Ke2 b4 54. Rb5 Rb2+ 55.
Ke3 b3 56. Re5+ Kf6 57. Rb5 Rg2 58. Rb6+ Ke7 59. Kd4 Rxg3 60. Ke5 Re3+ 61. Kxf5 g3 0-1

[Event "Late-Titled-Tuesday-Blitz-November-28-2023"]
[Site "Chess.com"]
[Date "2023.11.28"]
[Round "2"]
[White "StellarChessPro"]
[Black "kingofthenil"]
[Result "1-0"]
[WhiteElo "2524"]
[BlackElo "2708"]
[TimeControl "180+1"]
[EndTime "14:17:41 PST"]
[Termination "StellarChessPro won on time"]

1. b3 e5 2. Bb2 Nc6 3. e3 Nge7 4. Bb5 a6 5. Bxc6 Nxc6 6. Ne2 d5 7. O-O Bg4 8. h3 Bh5 9. f4 exf4 10. Rxf4 Bd6 11. Rf2 Qg5 12. Qf1 Bxe2 13. Rxe2 Qg3 14. Qf3 Qh2+ 15. Kf2 O-O-O 16. Nc3 Ne5 17. Qf5+ Kb8 18.
Ke1 Qg1+ 19. Qf1 Nd3+ 20. cxd3 Bg3+ 21. Rf2 Bxf2+ 22. Ke2 Qxf1+ 23. Rxf1 Bh4 24. Rxf7 Bf6 25. Na4 Rhf8 26. Bxf6 gxf6 27. Rxh7 Rh8 28. Rxh8 Rxh8 29. Kf3 Kc8 30. d4 b6 31. Nc3 c6 32. Ne2 Kd7 33. Nf4 f5 34. Ng6 Rh6 35. Ne5+ Ke7 36. Kg3 Rh7 37. Nxc6+ Kf6 38. Ne5 Rc7 39. Nf3 Rc2 40. h4 Rxa2 41. Kf4 Rb2 42. h5 Rxb3 43. h6 Rb1 44. g3 Rh1 45. Nh4 a5 46. h7 Kg7 47.
Nxf5+ Kxh7 48. Ne7 a4 49. Nxd5 a3 50. Nc3 Rc1 51.
Na2 Rc2 52. Nb4 Rb2 53. Nd3 Rb1 54. d5 a2 55. d6 a1=Q 56. d7 Qf6+ 57. Ke4 Qe6+ 58.
Ne5 Rb4+ 59. d4 Qe7 60. Kd5 Rb5+ 61. Kc6 Rb2 62. Kc7 Rc2+ 63. Nc6 Qe6 64. d8=Q Qxc6+ 65. Kb8 b5 66. d5 Kg6 67. dxc6 1-0

[Event "Late-Titled-Tuesday-Blitz-November-28-2023"]
[Site "Chess.com"]
[Date "2023.11.28"]
[Round "2"]
[White "GoltsevDmitry2000"]
[Black "GMJustin"]
[Result "1/2-1/2"]
[WhiteElo "2664"]
[BlackElo "2330"]
[TimeControl "180+1"]
[EndTime "14:17:43 PST"]
[Termination "Game drawn - insufficient material"]

1. e4 e5 2. Nf3 Nc6 3. Bb5 a6 4. Ba4 Nf6 5. O-O Be7 6. Re1 d6 7. c3 Bg4 8. h3 Bh5 9. d4 b5 10. Bc2 exd4 11. g4 Nxg4 12. hxg4 Bxg4 13. cxd4 Bxf3 14. Qxf3 Nxd4 15. Qd3 c5 16. Bf4 O-O 17.
e5 Nxc2 18. Qxc2 dxe5 19. Bxe5 Bd6 20. Bxd6 Qxd6 21. Nc3 Rfe8 22. Rad1 Rxe1+ 23. Rxe1 c4 24. Qe4 Rf8 25. Nd5 h6 26. Re3 Rd8 27. Ne7+ Kh8 28.
Nf5 Qf6 29. Rg3 Qxb2 30. Rxg7 Qf6 31. Rg3 Rg8 32. Rxg8+ Kxg8 33. Kh2 c3 34. Ne3 Qd6+ 35. Kg2 Qg6+ 36. Kf3 Qxe4+ 37. Kxe4 h5 38. Kd3 h4 39. Kxc3 h3 40. Nf1 Kf8 41. Kd3 Ke7 42. Ke3 Kd6 43. Kf3 Kc5 44. Kg3 Kb4 45. Ne3 Ka3 46. Nc2+ Kxa2 47. Nb4+ Ka3 48. Nxa6 b4 49. Nc5 b3 50.
Ne4 b2 51. Nd2 Ka2 52. Kxh3 b1=Q 53. Nxb1 Kxb1 54. Kg4 Kc2 55. Kf5 Kd3 56. Ke5 Ke2 57. f4 Kf3 58. f5 Kg4 59. Kf6 Kf4 60. Kxf7 Kxf5 1/2-1/2